Map: Tropical Sacrifice

Players

Elazer - Winner!

  • Race: Zerg Zerg
  • Spawn Location: 7:00

Cham

  • Race: Zerg Zerg
  • Spawn Location: 1:00

Event: DreamHack SC2 Masters 2022 Atlanta (Offline)

VOD

Have the link to the VOD?

Description

Time

  • Played on: Nov. 19, 2022, 10:34 a.m.
  • Length: 19:22

All games in this series

Show
View Real Time Build Order
Export as new Build Order

Elazer Zerg - Winner!

Build Orders: Hatch First, Zergling Baneling 

Get SALT Encoding   

  12  0:00  Drone  
  13  0:12  Overlord  
  13  0:18  Drone  
  14  0:30  Drone x2  
  16  0:49  Hatchery  
  15  0:52  Drone  
  15  0:55  Drone  
  17  0:59  Drone  
  18  1:09  Extractor  
  17  1:14  Spawning Pool  
  17  1:17  Drone  
  17  1:21  Drone  
  18  1:28  Drone  
  19  1:38  Drone  
  20  1:49  Drone  
  21  2:00  Queen x2  
  21  2:01  Zergling x2  
  26  2:02  Overlord  
  26  2:10  Metabolic Boost  
  26  2:11  Drone  
  26  2:13  Drone  
  28  2:25  Drone x2  
  30  2:33  Drone x2  
  32  2:40  Hatchery  
  31  2:46  Drone  
  31  2:49  Baneling Nest  
  31  2:55  Overlord  
  31  2:56  Drone  
  32  2:59  Drone  
  35  3:05  Drone x2  
  35  3:07  Drone  
  35  3:08  Overlord  
  36  3:14  Zergling x4  
  36  3:19  Queen  
  40  3:25  Zergling x6  
  43  3:31  Drone x3  
  46  3:39  Drone  
  47  3:42  Overlord  
  47  3:43  Drone x3  
  47  3:47  Drone x2  
  52  3:54  Roach Warren  
  52  3:55  Drone x2  
  53  3:59  Drone  
  54  4:03  Drone x2  
  54  4:05  Baneling x2  
  56  4:10  Overlord  
  56  4:12  Lair  
  56  4:13  Zergling x2  
  56  4:16  Zergling x4  
  59  4:18  Zergling x4  
  59  4:21  Zergling x2  
  59  4:22  Zergling x2  
  63  4:25  Zergling x6  
  63  4:28  Zergling x4  
  68  4:32  Zergling x6  
  71  4:41  Zergling x6  
  71  4:44  Zergling x2  
  72  4:46  Baneling x6  
  72  4:49  Extractor  
  72  4:52  Zergling x8  
  74  4:56  Zergling x8  
  74  5:03  Extractor  
  69  5:16  Zergling x12  
  69  5:18  Glial Reconstitution  
  69  5:19  Overlord  
  72  5:28  Zergling x10  
  68  5:34  Zergling x10  
  66  5:39  Baneling x2  
  66  5:40  Roach  
  66  5:41  Overlord  
  68  5:47  Roach  
  70  5:54  Roach x2  
  70  5:56  Drone x5, Overlord  
  79  6:04  Drone x2  
  81  6:08  Drone x4  
  78  6:15  Drone x2  
  78  6:16  Drone  
  70  6:19  Drone x3  
  70  6:21  Drone  
  74  6:27  Drone  
  74  6:29  Spire  
  74  6:30  Roach x2  
  78  6:35  Extractor  
  78  6:37  Drone  
  78  6:42  Drone x4, Extractor  
  78  6:44  Extractor  
  80  6:50  Roach  
  82  6:59  Roach x5  
  86  7:02  Roach  
  86  7:06  Roach  
  84  7:11  Roach x7  
  98  7:16  Overlord x2  
  98  7:28  Spine Crawler  
  96  7:30  Spine Crawler  
  96  7:32  Roach  
  99  7:37  Roach x6  
  99  7:42  Roach x6  
  111  7:46  Roach  
  101  7:54  Roach x2  
  101  7:56  Mutalisk  
  105  7:59  Mutalisk  
  105  8:02  Mutalisk  
  97  8:10  Mutalisk x2  
  99  8:13  Roach x2  
  99  8:18  Roach x2  
  101  8:23  Roach x2  
  95  8:29  Roach x2  
  94  8:40  Roach  
  94  8:41  Roach x3  
  89  8:48  Drone x4  
  78  8:55  Mutalisk  
  78  8:59  Mutalisk  
  79  9:07  Mutalisk x2  
  78  9:14  Mutalisk  
  79  9:24  Mutalisk  
  77  9:36  Roach x3  
  77  9:38  Hatchery  
  82  9:44  Drone x3  
  85  9:51  Mutalisk  
  85  9:52  Roach  
  89  9:58  Roach  
  91  10:00  Overlord x2  
  91  10:05  Overlord  
  91  10:28  Mutalisk x5  
  101  10:40  Zerg Flyer Armor Level 1  
  101  10:41  Evolution Chamber  
  100  10:43  Roach  
  100  10:47  Roach x2  
  106  10:51  Overseer  
  102  11:02  Drone x6  
  101  11:08  Overseer  
  101  11:11  Drone x3  
  92  11:20  Roach  
  92  11:21  Roach  
  93  11:32  Roach  
  93  11:33  Roach  
  85  11:45  Drone  
  86  11:48  Pneumatized Carapace  
  86  11:50  Mutalisk  
  88  12:07  Hatchery  
  87  12:16  Mutalisk  
  87  12:24  Mutalisk  
  83  12:46  Roach x5  
  79  12:58  Roach  
  79  12:59  Roach  
  79  13:04  Drone x2  
  85  13:12  Drone x2  
  87  13:25  Drone x3  
  90  13:30  Drone x2  
  92  13:35  Zerg Flyer Weapons Level 1  
  92  13:36  Drone  
  93  13:45  Drone x2  
  95  13:51  Drone x3  
  95  13:52  Drone  
  99  14:11  Mutalisk x3  
  101  14:19  Mutalisk  
  103  14:31  Mutalisk  
  103  14:32  Overlord x2  
  103  14:49  Mutalisk  
  90  14:57  Mutalisk  
  80  15:05  Roach  
  80  15:10  Roach x2  
  81  15:17  Roach x2  
  84  15:22  Roach  
  84  15:25  Roach  
  84  15:27  Queen x3  
  91  15:28  Drone x4  
  91  15:34  Overseer  
  93  15:40  Drone  
  94  15:48  Drone x2  
  96  15:50  Drone  
  96  15:55  Drone  
  96  15:57  Drone  
  99  15:58  Drone  
  100  16:05  Drone x2  
  100  16:08  Drone  
  103  16:14  Drone x2  
  105  16:28  Roach  
  105  16:29  Roach x3  
  113  16:33  Ravager x4  
  113  16:34  Ravager  
  118  16:42  Roach  
  118  16:43  Roach  
  122  16:51  Overlord x3  
  113  17:11  Roach  
  113  17:12  Roach x8  
  131  17:21  Roach x2  
  133  17:28  Overlord  
  133  17:34  Extractor  
  133  17:35  Roach x3  
  136  17:43  Roach x2  
  140  17:51  Drone x11  
  151  18:04  Overlord x2  
  151  18:06  Overlord  
  151  18:10  Extractor  
  150  18:22  Overlord  
  150  18:28  Roach x2  
  150  18:31  Roach x2  
  158  18:35  Hatchery  
  158  18:37  Roach  
  161  18:41  Roach x2  
  157  19:03  Roach  
Show
View Real Time Build Order
Export as new Build Order

Cham Zerg 

Build Orders: Hatch First 

Get SALT Encoding   

  12  0:00  Drone  
  13  0:12  Overlord  
  13  0:17  Drone  
  14  0:30  Drone x2  
  16  0:49  Hatchery  
  15  0:52  Drone  
  16  0:57  Drone  
  16  0:59  Drone  
  18  1:13  Spawning Pool  
  18  1:15  Extractor  
  18  1:18  Drone  
  17  1:21  Drone  
  18  1:28  Drone  
  19  1:39  Drone  
  20  1:50  Drone  
  21  2:01  Queen x2, Drone  
  25  2:02  Overlord  
  26  2:12  Drone x2  
  28  2:18  Metabolic Boost  
  28  2:23  Zergling x2  
  28  2:24  Drone  
  30  2:36  Hatchery  
  29  2:45  Baneling Nest  
  29  2:46  Drone  
  29  2:47  Zergling x2  
  30  2:51  Overlord  
  30  3:00  Zergling x2, Drone x2  
  33  3:07  Drone  
  33  3:10  Drone  
  33  3:12  Drone x3  
  38  3:15  Zergling x2  
  38  3:19  Zergling x2  
  41  3:20  Zergling x2  
  41  3:22  Zergling x2  
  42  3:28  Overlord  
  42  3:32  Overlord  
  42  3:34  Drone  
  42  3:40  Baneling  
  43  3:41  Drone  
  43  3:43  Overlord  
  43  3:48  Queen, Drone  
  45  3:49  Drone  
  45  3:52  Drone  
  45  3:54  Drone x2  
  51  3:58  Drone x2  
  51  4:02  Drone x2  
  55  4:05  Drone x2  
  57  4:12  Lair  
  57  4:14  Extractor  
  57  4:15  Drone x2  
  57  4:19  Overlord  
  57  4:20  Baneling  
  57  4:22  Drone x2  
  59  4:26  Baneling x2, Extractor  
  59  4:27  Zergling x4  
  60  4:32  Overlord  
  60  4:37  Evolution Chamber  
  57  4:45  Zergling x2  
  57  4:46  Zergling x6, Baneling x2  
  57  4:48  Zergling x2  
  57  4:49  Zergling x4  
  57  4:50  Roach Warren  
  57  4:51  Zergling x6  
  57  4:52  Spine Crawler  
  64  4:56  Zergling x2  
  63  5:08  Zergling x2  
  63  5:09  Zergling x6, Baneling x2  
  63  5:11  Zergling x2, Baneling x2  
  63  5:12  Zergling x4  
  63  5:13  Zergling x2  
  68  5:15  Baneling x2  
  68  5:19  Zergling x2  
  57  5:22  Zergling x2  
  57  5:24  Zergling x2  
  57  5:33  Zergling x4  
  54  5:38  Glial Reconstitution  
  54  5:40  Queen, Overlord  
  54  5:41  Overlord  
  56  5:44  Queen  
  56  5:46  Drone  
  56  5:47  Drone x2  
  56  5:49  Roach x3  
  67  5:54  Drone x2  
  67  5:56  Overlord x2  
  69  6:01  Drone  
  69  6:07  Drone x3  
  72  6:14  Roach x2  
  72  6:17  Roach x3  
  76  6:19  Roach  
  76  6:20  Baneling  
  76  6:21  Baneling  
  78  6:28  Roach x2  
  78  6:29  Baneling  
  78  6:30  Roach  
  84  6:33  Spine Crawler  
  84  6:39  Roach x2  
  87  6:42  Roach  
  87  6:44  Roach x2  
  87  6:45  Overlord  
  93  6:51  Roach  
  93  6:53  Roach x2  
  98  6:56  Overlord  
  98  6:57  Roach  
  98  7:01  Roach x2  
  99  7:04  Roach  
  99  7:07  Zergling x4  
  100  7:12  Roach x2  
  100  7:13  Overlord x2  
  100  7:14  Roach  
  106  7:17  Roach  
  106  7:19  Roach  
  112  7:22  Roach  
  112  7:27  Roach  
  112  7:29  Roach  
  117  7:30  Zergling x4  
  117  7:33  Roach  
  117  7:35  Roach  
  121  7:40  Roach  
  121  7:43  Roach  
  115  7:44  Roach  
  115  7:47  Roach  
  113  7:51  Roach  
  113  7:56  Roach  
  113  7:57  Roach  
  113  7:59  Roach  
  113  8:02  Zergling x12  
  113  8:07  Roach  
  113  8:09  Roach  
  113  8:12  Roach x2  
  113  8:19  Roach x2  
  115  8:21  Roach  
  115  8:25  Queen x2, Roach  
  115  8:27  Roach  
  115  8:29  Queen  
  115  8:32  Zergling x4  
  116  8:36  Zergling x6  
  109  8:48  Roach x2  
  109  8:51  Roach  
  109  8:52  Roach  
  112  8:57  Roach  
  112  8:58  Zergling x4  
  112  9:01  Queen, Burrow  
  112  9:02  Drone x3  
  111  9:05  Drone  
  111  9:08  Drone x2  
  111  9:09  Drone  
  111  9:16  Tunneling Claws  
  108  9:21  Roach x2  
  108  9:22  Roach  
  108  9:23  Roach  
  109  9:29  Roach x2  
  109  9:30  Roach  
  106  9:35  Spore Crawler  
  101  9:39  Roach x2  
  101  9:41  Extractor  
  101  9:43  Roach x2  
  101  9:45  Spore Crawler  
  103  9:47  Spore Crawler  
  103  9:50  Roach x2  
  103  9:51  Roach  
  104  9:55  Roach  
  104  9:56  Overlord  
  104  9:59  Roach  
  108  10:02  Roach x2  
  108  10:05  Roach  
  114  10:08  Roach  
  114  10:13  Overlord  
  114  10:14  Overlord x2  
  116  10:18  Overlord  
  116  10:20  Overlord  
  116  10:22  Roach  
  116  10:25  Roach  
  120  10:32  Roach x2, Overlord  
  120  10:34  Roach  
  126  10:38  Roach x12  
  126  10:39  Roach x3  
  126  10:42  Roach x12  
  132  10:44  Hydralisk Den, Roach  
  132  10:46  Roach  
  132  10:48  Roach  
  137  10:52  Roach  
  136  11:00  Roach x3  
  140  11:05  Roach x4  
  140  11:07  Roach  
  140  11:09  Roach x4  
  140  11:10  Roach x6  
  140  11:11  Roach  
  147  11:14  Roach  
  129  11:20  Roach  
  129  11:24  Roach  
  119  11:26  Roach  
  119  11:28  Roach  
  119  11:29  Roach x2  
  119  11:30  Roach  
  119  11:33  Roach x2  
  119  11:34  Roach  
  119  11:36  Roach  
  119  11:38  Roach x7  
  115  11:45  Roach x2  
  109  11:47  Roach  
  109  11:49  Roach  
  109  11:51  Overlord  
  109  11:52  Extractor  
  112  11:54  Roach x5  
  112  11:55  Roach  
  112  11:58  Spore Crawler, Roach  
  112  11:59  Roach  
  119  12:08  Hydralisk x2, Drone  
  118  12:16  Hydralisk x2  
  118  12:23  Hydralisk  
  118  12:25  Spore Crawler  
  118  12:28  Extractor  
  116  12:30  Hydralisk  
  116  12:33  Hydralisk  
  116  12:34  Hydralisk  
  122  12:43  Roach  
  114  12:45  Hydralisk  
  114  12:46  Hydralisk  
  114  12:47  Hydralisk  
  106  12:54  Hydralisk  
  92  12:59  Hydralisk  
  92  13:00  Roach  
  92  13:03  Roach  
  96  13:06  Roach  
  96  13:10  Roach x2  
  96  13:12  Roach  
  102  13:14  Roach  
  102  13:18  Roach  
  106  13:20  Roach x2  
  106  13:23  Roach  
  106  13:24  Roach  
  114  13:32  Roach  
  114  13:33  Roach  
  118  13:36  Roach x3  
  118  13:39  Roach  
  126  13:44  Roach x2  
  130  13:49  Roach  
  132  13:56  Hydralisk x2  
  136  14:04  Roach Warren  
  136  14:05  Roach  
  122  14:29  Hatchery  
  109  14:50  Hydralisk x2  
  97  14:55  Hydralisk x2, Roach  
  97  14:59  Hydralisk x2  
  95  15:11  Hydralisk  
  91  15:15  Hydralisk x2  
  93  15:25  Hydralisk  
  93  15:29  Roach  
  93  15:30  Hydralisk  
  89  15:38  Hydralisk  
  89  15:41  Hydralisk  
  87  15:46  Hydralisk  
  85  15:51  Roach  
  85  15:53  Roach  
  87  16:00  Roach  
  87  16:04  Roach  
  91  16:09  Roach  
  91  16:10  Roach  
  95  16:15  Roach  
  95  16:18  Roach  
  97  16:22  Roach  
  99  16:25  Roach  
  99  16:29  Roach  
  99  16:30  Roach  
  103  16:33  Roach  
  103  16:49  Roach x3  
  103  16:50  Roach x3  
  111  17:01  Roach  
  92  17:10  Roach x3  
  92  17:14  Roach  
  79  17:24  Roach  
  79  17:27  Roach  
  79  17:29  Overlord  
  81  17:30  Overlord  
  81  17:34  Overlord  
  81  17:38  Overlord  
  81  17:43  Overlord  
  81  17:50  Overlord  
  81  17:57  Hydralisk Den  
  80  18:17  Overlord x2  
  80  18:22  Overlord x2  
  80  18:32  Hydralisk Den  
  79  18:36  Roach x3  
  85  18:42  Roach x2  
  85  18:43  Roach  
  85  18:44  Roach  
  85  18:45  Roach  
  91  19:02  Roach  
Tags
 
Add a new tag
Caveats
  • Supply blocks, unpowered buildings, or Contaminate may cause inaccurate times.
  • Supply counts are checked every 10 seconds.